Cogmind - Beta 13 @@@ ROGUE MODE // 2024.04.16 @ 10:26:49 Player: m1m1c Result: Destroyed by S-10 Pest with Light Assault Rifle Performance ------------- Evolutions (2) 1000 Regions Visited (5) 1000 Robots Destroyed (30) 150 Value Destroyed (521) 521 Prototype IDs (0) 0 Alien Tech Used (0) 0 Bonus (200) 200 TOTAL SCORE: 2871 Bonus ------- Entered Garrisons 200 Cogmind --------- Core Integrity 0/550 Matter 289/300 Energy 92/125 System Corruption 6% Temperature Warm (161) Movement Core (50) Location -8/Garrison Parts ------- > --- POWER (1) -------- Light Ion Engine > --- PROPULSION (4) --- (None) > --- UTILITY (4) ------ Signal Interpreter > --- WEAPON (2) ------- (None) > --- INVENTORY (5) ---- Flight Unit Flight Unit Flight Unit Flight Unit Flight Unit Peak State ------------ > --- POWER ------------ Light Nuclear Core > --- PROPULSION ------- Flight Unit Flight Unit Flight Unit Flight Unit > --- UTILITY ---------- Small Storage Unit Sensor Array Signal Interpreter > --- WEAPON ----------- Particle Gun High-powered Shotgun > --- INVENTORY -------- Light Ion Engine Light Nuclear Core Flight Unit Flight Unit Flight Unit Particle Gun Particle Gun [Rating: 16] Favorites ----------- Power Light Ion Engine Engine Light Ion Engine Power Core Light Nuclear Core Propulsion Flight Unit Leg Aluminum Leg Wheel Compact Wheel Flight Unit Flight Unit Utility Small Storage Unit Device Sensor Array Storage Small Storage Unit Processor Signal Interpreter Weapon Particle Gun Energy Gun Particle Gun Ballistic Gun Assault Rifle Build | -11 -10 -9 -9 -8 -8 ------- Run | Yrd Mat Mat Min Mat Gar Slots Evolved 4 | . . 2 . 2 . Power . | . . . . . . Propulsion 2 | . . 2 . . . Utility 2 | . . . . 2 . Weapon . | . . . . . . Parts Attached 47 | . 8 5 10 2 22 Power 10 | . 1 . 2 . 7 Engine 8 | . 1 . 2 . 5 Core 2 | . . . . . 2 Reactor . | . . . . . . Propulsion 26 | . 4 5 6 . 11 Treads . | . . . . . . Leg 4 | . . . . . 4 Wheel 3 | . 2 . 1 . . Hover . | . . . . . . Flight 19 | . 2 5 5 . 7 Utility 3 | . 1 . 1 1 . Device 2 | . 1 . . 1 . Storage . | . . . . . . Processor 1 | . . . 1 . . Hackware . | . . . . . . Protection . | . . . . . . Artifact . | . . . . . . Weapon 8 | . 2 . 1 1 4 Energy Gun 4 | . . . . . 4 Energy Cannon . | . . . . . . Ballistic Gun 4 | . 2 . 1 1 . Ballistic Cannon . | . . . . . . Launcher . | . . . . . . Special Weapon . | . . . . . . Impact Weapon . | . . . . . . Slashing Weapon . | . . . . . . Piercing Weapon . | . . . . . . Special Melee Weapon . | . . . . . . Unidentified Prototypes . | . . . . . . Parts Lost 38 | . 5 3 5 . 25 Power 8 | . 1 . 1 . 6 Propulsion 19 | . 1 2 3 . 13 Utility 3 | . 1 . . . 2 Weapon 8 | . 2 1 1 . 4 Highest Loss Streak 13 | . 5 3 6 . 13 To Critical Strikes 1 | . 1 . . . . Average Slot Usage (%) 78 | . 88 73 64 81 77 Engine 7 | . 13 11 10 9 2 Core 2 | . . . . . 5 Leg 14 | . 21 . . . 17 Wheel 2 | . 6 . 1 . . Flight 15 | . . 42 34 36 14 Device 3 | . 7 . . 9 3 Storage 10 | . 14 11 11 9 8 Processor 4 | . . . . 9 9 Energy Gun 5 | . 1 . . . 10 Ballistic Gun 10 | . 22 9 6 9 5 Naked Turns . | . . . . . . Heaviest Build 17 | 14 15 9 9 12 17 Greatest Support 40 | 20 26 16 16 16 40 Greatest Overweight (x) 2 | . 1 . 2 . 1 Average Overweight (x) . | . . . . . . Largest Inventory Capacity 8 | . 8 8 8 8 8 Average Capacity 7 | . 8 8 8 8 7 Most Carried 8 | . 8 7 8 5 8 Average Carried 6 | . 7 4 6 5 6 Final Capacity 8 | 8 8 8 8 8 5 Final Carried 8 | 6 8 4 6 5 5 Class Distribution -------------------- 35% | Scavenger-Mutant 34% | Mutant 29% | Scavenger-Sprinter Dominant Class ---------------- Mutant | -10/Materials Scavenger-Sprinter | -9/Materials Scavenger-Sprinter | -9/Mines Scavenger-Sprinter | -8/Materials Scavenger-Mutant | -8/Garrison Resources | -11 -10 -9 -9 -8 -8 ----------- Run | Yrd Mat Mat Min Mat Gar Matter Collected 800 | 178 228 . 80 . 314 Remotely . | . . . . . . Salvage Created 766 | . 362 . 61 . 343 Parts 63 | . 26 . 11 . 26 Haulers Intercepted . | . . . . . . Recyclers Shooed 1 | . 1 . . . . Parts Field Recycled . | . . . . . . Retrieved Matter . | . . . . . . Parts Self-Destructed . | . . . . . . Prevented . | . . . . . . Kills | -11 -10 -9 -9 -8 -8 ------- Run | Yrd Mat Mat Min Mat Gar Combat Hostiles Destroyed 24 | . 6 . 4 . 14 Melee 1 | . . . 1 . . Guns 23 | . 6 . 3 . 14 Classes Destroyed 6 | . 6 . . . . Worker 2 | . 2 . . . . Builder 1 | . 1 . . . . Recycler 2 | . 2 . . . . Watcher 1 | . 1 . . . . Swarmer 17 | . 5 . 4 . 8 Grunt 7 | . 1 . . . 6 Best Kill Streak 6 | . 6 . 4 . 6 Combat Bots Only 6 | . 4 . 4 . 6 Max Kills in Single Turn 2 | . 2 . 1 . 1 Gunslinging 1 | . 1 . . . . Exploded . | . . . . . . Melee 1 | . . . 1 . . Uniques/NPCs Destroyed . | . . . . . . Combat | -11 -10 -9 -9 -8 -8 -------- Run | Yrd Mat Mat Min Mat Gar Hostile Shots Fired 426 | . 105 29 63 . 229 Missed 119 | . 23 13 14 . 69 Damage Taken 3086 | . 679 203 465 . 1739 Core 960 | . 158 74 178 . 550 Absorbed by Shields 44 | . . . . . 44 Core Remaining (%) 57 | 100 36 . 37 . . Volleys Fired 129 | . 36 14 22 . 57 Largest 2 | . 2 1 1 . 2 Hottest 130 | . 40 20 20 . 130 Shots Fired 180 | . 61 14 22 . 83 Gun 180 | . 61 14 22 . 83 Cannon . | . . . . . . Launcher . | . . . . . . Special . | . . . . . . Kinetic 136 | . 61 14 22 . 39 Thermal 44 | . . . . . 44 Explosive . | . . . . . . Electromagnetic . | . . . . . . Robot Hit Streak 10 | . 8 10 4 . 6 Robot Miss Streak 10 | . 7 2 2 . 10 Penetration Max . | . . . . . . Secondary Targets 4 | . 3 . . . 1 Max Gunslinging Chain 1 | . 1 . . . 1 Shots Hit Robots 96 | . 34 11 13 . 38 Core Hits 52 | . 17 1 10 . 24 Critical Kills . | . . . . . . Critical Parts Destroyed 1 | . . 1 . . . Critical Strikes 1 | . . 1 . . . Destroy 1 | . . 1 . . . Melee Attacks . | . . . . . . Impact . | . . . . . . Slashing . | . . . . . . Piercing . | . . . . . . Sneak Attacks . | . . . . . . Combat Hostiles . | . . . . . . Follow-up Attacks . | . . . . . . Damage Inflicted 1506 | . 488 106 125 . 787 Guns 1460 | . 458 106 109 . 787 Cannons . | . . . . . . Explosions . | . . . . . . Melee . | . . . . . . Ramming 46 | . 30 . 16 . . Kinetic 1195 | . 458 106 109 . 522 Thermal 265 | . . . . . 265 Explosive . | . . . . . . Electromagnetic . | . . . . . . Impact . | . . . . . . Slashing . | . . . . . . Piercing . | . . . . . . Highest Corruption 6 | . 2 . . . 6 Average Corruption 2 | . 2 . . . 2 Corruption Purged . | . . . . . . Corruption Blocked . | . . . . . . Effects 2 | . 2 . . . . Energy Discharges 1 | . 1 . . . . Data Loss (minor) 1 | . 1 . . . . Overload Shots . | . . . . . . Overflow Damage . | . . . . . . Projectiles . | . . . . . . Explosions . | . . . . . . Melee . | . . . . . . Knockbacks 1 | . 1 . . . . Impact 1 | . 1 . . . . Kinetic . | . . . . . . Secondary . | . . . . . . Self-Inflicted Damage 9 | . 2 . 7 . . Shots . | . . . . . . Rammed 9 | . 3 . 6 . . Targets Rammed 14 | . 8 . 6 . . Kicked 5 | . 5 . . . . Crushed . | . . . . . . Highest Temperature 269 | . . 23 11 . 269 Average Temperature 64 | . . 4 5 . 76 Received Heat Transfer 555 | . 30 93 84 . 348 Effects 1 | . . . . . 1 Energy Bleed 1 | . . . . . 1 Siege Activations . | . . . . . . Robots Corrupted . | . . . . . . Combat Hostiles . | . . . . . . Parts Fried . | . . . . . . Impact Corruptions . | . . . . . . Robots Melted . | . . . . . . Combat Hostiles . | . . . . . . Parts Melted 1 | . . . . . 1 Heat Transferred 629 | . . . . . 629 Parts Sabotaged . | . . . . . . Parts Stolen . | . . . . . . Parts Stripped . | . . . . . . Power Chain Reactions . | . . . . . . Alert | -11 -10 -9 -9 -8 -8 ------- Run | Yrd Mat Mat Min Mat Gar Peak Influence 320 | . 157 89 128 49 320 Initial 66 | . . 66 28 49 34 Average 150 | . 72 73 99 49 227 Maximum Alert Level 1 | . . . . . 1 Low Security (%) 64 | . 100 100 100 100 26 Level 1 35 | . . . . . 73 Level 2 . | . . . . . . Level 3 . | . . . . . . Level 4 . | . . . . . . Level 5 . | . . . . . . High Security . | . . . . . . Max Security . | . . . . . . Squads Dispatched 1 | . 1 . . . . Investigation . | . . . . . . Extermination . | . . . . . . Reinforcement 1 | . 1 . . . . Assault . | . . . . . . Garrison . | . . . . . . Intercept . | . . . . . . Searches Triggered . | . . . . . . Construction Impeded . | . . . . . . Haulers Reinforced . | . . . . . . Active Scanning Responses . | . . . . . . Cargo Convoy Interrupts . | . . . . . . Stealth | -11 -10 -9 -9 -8 -8 --------- Run | Yrd Mat Mat Min Mat Gar Distress Signals 2 | . 1 1 . . . Communications Jammed . | . . . . . . Distress Signals . | . . . . . . Times Spotted 53 | . 11 8 7 . 27 Peak Tracking Total 9 | . 4 9 4 . 8 Tactical Retreats 4 | . . . 1 . 3 Traps | -11 -10 -9 -9 -8 -8 ------- Run | Yrd Mat Mat Min Mat Gar Traps Triggered 2 | . . . . . 2 Indirectly . | . . . . . . Trap Hack Attempts . | . . . . . . Triggered . | . . . . . . Disarmed . | . . . . . . Reprogrammed . | . . . . . . Reused . | . . . . . . Traps Extracted . | . . . . . . Installed . | . . . . . . Triggered . | . . . . . . Machines | -11 -10 -9 -9 -8 -8 ---------- Run | Yrd Mat Mat Min Mat Gar Machines Disabled . | . . . . . . Max in Single Turn . | . . . . . . Machines Repaired . | . . . . . . Machines Dismantled . | . . . . . . Machines Sabotaged . | . . . . . . Overloaded Fab Kills . | . . . . . . Hacking | -11 -10 -9 -9 -8 -8 --------- Run | Yrd Mat Mat Min Mat Gar Machines Accessed 6 | . 2 2 . 1 1 Terminals 5 | . 2 2 . . 1 Fabricators . | . . . . . . Repair Stations . | . . . . . . Recycling Units . | . . . . . . Scanalyzers . | . . . . . . Garrison Access 1 | . . . . 1 . Total Hacks 13 | . 4 7 . 1 1 Successful 5 | . 2 1 . 1 1 Failed 8 | . 2 6 . . . Catastrophic 1 | . . 1 . . . Database Lockouts . | . . . . . . Manual 9 | . 2 7 . . . Terminals 12 | . 4 7 . . 1 Fabricators . | . . . . . . Repair Stations . | . . . . . . Recycling Units . | . . . . . . Scanalyzers . | . . . . . . Garrison Access 1 | . . . . 1 . Terminal Hacks 4 | . 2 1 . . 1 Branch Access Points 2 | . 1 1 . . . Emergency Access Points 1 | . . . . . 1 Hauler Manifests 1 | . 1 . . . . Fabricator Hacks . | . . . . . . Repair Station Hacks . | . . . . . . Recycling Unit Hacks . | . . . . . . Scanalyzer . | . . . . . . Garrison Access Hacks 1 | . . . . 1 . Unlock Access 1 | . . . . 1 . Unauthorized Hacks . | . . . . . . Terminals . | . . . . . . Fabricators . | . . . . . . Repair Stations . | . . . . . . Recycling Units . | . . . . . . Scanalyzers . | . . . . . . Garrison Access . | . . . . . . Data Cores Recovered . | . . . . . . Used . | . . . . . . Hacking Detections 4 | . 1 2 . . 1 Full Trace Events . | . . . . . . Feedback Events . | . . . . . . Feedback Blocked . | . . . . . . Robot Schematics Acquired . | . . . . . . Robots Built . | . . . . . . Authchips . | . . . . . . Time . | . . . . . . Total Robot Build Rating . | . . . . . . Part Schematics Acquired . | . . . . . . Parts Built . | . . . . . . Authchips . | . . . . . . Time . | . . . . . . Total Part Build Rating . | . . . . . . Parts Repaired . | . . . . . . Time . | . . . . . . Parts Recycled . | . . . . . . Recycled Matter . | . . . . . . Retrieved Matter . | . . . . . . Retrieved Components . | . . . . . . Parts Scanalyzed . | . . . . . . Part Schematics Acquired . | . . . . . . Parts Damaged . | . . . . . . Bothacking | -11 -10 -9 -9 -8 -8 ------------ Run | Yrd Mat Mat Min Mat Gar Used RIF Installer . | . . . . . . Robots Hacked . | . . . . . . Non-combat . | . . . . . . Combat . | . . . . . . Robot Hacks Applied . | . . . . . . Relay Couplers Released 4 | . . . . . 4 Programmers 4 | . . . . . 4 Fabnet Peak Effective % . | . . . . . . Robots Rewired . | . . . . . . Allies Hacked . | . . . . . . Hacks Repelled . | . . . . . . Allies | -11 -10 -9 -9 -8 -8 -------- Run | Yrd Mat Mat Min Mat Gar Total Allies . | . . . . . . Largest Group . | . . . . . . Highest-Rated Group . | . . . . . . Highest-Rated Ally . | . . . . . . Total Orders . | . . . . . . Ally Attacks . | . . . . . . Total Damage . | . . . . . . Kills . | . . . . . . Allies Corrupted . | . . . . . . Allies Melted . | . . . . . . Intel | -11 -10 -9 -9 -8 -8 ------- Run | Yrd Mat Mat Min Mat Gar Robot Analysis Total . | . . . . . . Derelict Logs Recovered 1 | . . . 1 . . Drone Launches . | . . . . . . Drone Recoveries . | . . . . . . Exploration | -11 -10 -9 -9 -8 -8 ------------- Run | Yrd Mat Mat Min Mat Gar Turns Passed 1291 | . 382 72 179 35 623 Spaces Moved 1294 | 1 228 130 324 104 507 Core 9 | . . . 2 . 7 Treads . | . . . . . . Legs 431 | 1 167 . . . 263 Wheels 62 | . 61 . 1 . . Hover . | . . . . . . Flight 792 | . . 130 321 104 237 Fastest Speed 31 | 120 80 31 31 31 31 Average Speed 65 | 120 111 31 33 31 81 Slowest Speed 200 | 120 120 34 200 31 120 Overloaded Moves . | . . . . . . Propulsion Burnouts . | . . . . . . Robots Hopped 6 | . . 2 4 . . Cave-ins Triggered . | . . . . . . Exploration Rate (%) 29 | 2 34 18 77 7 36 Regions Visited 5 Branch Regions 1 Pre-discovered Areas 1 | . . . 1 . . Known Exits Taken 3 | . . 1 1 1 . Unknown Exits Taken 2 | 1 1 . . . . Scrap Searched 1 | . . . 1 . . Spaces Dug . | . . . . . . Terrain Destroyed . | . . . . . . Melee . | . . . . . . Projectile . | . . . . . . AOE . | . . . . . . Terrain Rammed . | . . . . . . Walls Destroyed . | . . . . . . Machines Disabled . | . . . . . . Actions | -11 -10 -9 -9 -8 -8 --------- Run | Yrd Mat Mat Min Mat Gar Total 1551 | . 296 148 372 105 630 Wait 17 | . . . 8 . 9 Move 1277 | . 227 125 315 103 507 Hop 6 | . . 2 4 . . Pick Up 25 | . 10 . 4 . 11 Fast Attach 18 | . 2 . 6 1 9 Attach 24 | . 4 5 4 1 10 Detach 4 | . 1 1 2 . . Swap 5 | . 2 . . . 3 Drop 11 | . 6 1 1 . 3 Fire 129 | . 36 14 22 . 57 Melee . | . . . . . . Ram 9 | . 3 . 6 . . Kick 5 | . 5 . . . . Crush . | . . . . . . Escape Stasis 21 | . . . . . 21 Rewire . | . . . . . . Trap . | . . . . . . Miscellaneous . | . . . . . . Route ------- -11/Scrapyard -10/Materials (discovered 4 exits: *Mat / Min x2 / [Sub]) -9/Materials -9/Mines -8/Materials -8/Garrison (discovered 1 exit: *Mat) History --------- Turn | Location | Event 1 | -11/Scrapyard | Discovered new exit (range 0) 1 | -11/Scrapyard | Entered Materials 15 | -10/Materials | Identified exit to Mines 159 | -10/Materials | Discovered new exit (range 12) 310 | -10/Materials | Core integrity fell below 50% 345 | -10/Materials | Lost 5 parts (1p1n1u2w) 360 | -10/Materials | Discovered new exit (range 16) 371 | -10/Materials | Build established: Mutant 383 | -10/Materials | Entered another Materials area 383 | -9/Materials | Evolved 2 slots: Propulsion x2 421 | -9/Materials | Identified exit to Mines 455 | -9/Materials | Entered Mines 478 | -9/Mines | Core integrity fell below 50% 517 | -9/Mines | Lost 6 parts (1p4n1w) 575 | -9/Mines | Learned location of Zion (-6) 632 | -9/Mines | Discovered new exit (range 4) 634 | -9/Mines | Identified exit to Materials 634 | -9/Mines | Entered Materials 634 | -8/Materials | Evolved 2 slots: Utility x2 669 | -8/Materials | Identified exit to Garrison 669 | -8/Materials | Entered Garrison 705 | -8/Garrison | Triggered checkpoint 705 | -8/Garrison | Triggered checkpoint 725 | -8/Garrison | Triggered checkpoint 771 | -8/Garrison | Lost 6 parts (2p4n) 812 | -8/Garrison | Discovered new exit (range 9) 814 | -8/Garrison | Identified exit to Materials 1019 | -8/Garrison | Triggered checkpoint 1127 | -8/Garrison | Build established: Scavenger-Mutant 1237 | -8/Garrison | Triggered checkpoint 1253 | -8/Garrison | Triggered checkpoint 1276 | -8/Garrison | Core integrity fell below 50% 1286 | -8/Garrison | Core integrity fell below 20% 1292 | -8/Garrison | Destroyed by S-10 Pest with Light Assault Rifle Last Messages --------------- Particle Gun destroyed. P-60 Hacker resets S-10 Pest, system corruption cleaned. S-10 Pest destroyed. Aluminum Leg destroyed. S-10 Pest destroyed. Sml. Storage Unit destroyed. Lgt. Ion Engine destroyed. Acquired Lgt. Ion Engine. Lgt. Ion Engine destroyed. Particle Gun destroyed. P-60 Hacker heat short circuits Imp. Heat Sink. Particle Gun destroyed. Overheating: Energy bleed (-23). Acquired Lgt. Ion Engine. Acquired 12 matter. P-60 Hacker heat damages Gravmag System. Acquired 25 matter. P-60 Hacker destroyed. Critical hit (Burn: +37). Map ----- +----------------------------------------------------+ | ##########+### ######## #??????# ############## | | ?????????????# #??????# #??????# #????????????? | | ?????????????# #??????# #??????# #????????????? | | ?????????????# #??????# #??????# #????????????? | | ?????????????# #??????# #??????# #????????????? | | ?????????????+ +??????+ ######## #????????????? | | ?????????????# #??????# ## ## #????????????? | | ?????????????# #?????## ## ## ##???????????? | | ?????????????# ####### #???????????? | | ?????????????+ #???????????? | | ?????????????+ #???????????? | | ?????????????###+###### ## ## #???????????? | | ????????????????????### ## ## ###?????????? | | ????????????????????# "#?????????? | | ????????????????????+ "%#?????????? | | ????????????????????? "#?????????? | | ????????????????????+? #?????????? | | ??????????????????????# Y ## ## ^###?????????? | | ??????????????????????# s## ##^ ^#####???????? | | ??????????????????????#Y ![! ?+?? | | ????????+?????????????+ = %! ?+?? | | ??????????????????????# = ######??????? | | ??????????????????????##* ## *%######???????????? | | ???????????????????????#%=## #????????????????? | | ???????????????????????# #######????????????????? | | ???????????????????????# @#??????????????????????? | | ????????????+??????????+ #??????????????????????? | | ???????????????????????# #??????????????????????? | | ???????????????????????# #??????????????????????? | | ???????????????????????# #??????????????????????? | | ???????+???????????????# #??????????????????????? | | ??????????????????+????# #??????????????????????? | | ??????????????????????? #??????????????????????? | | ???????????+??????????? #??????????????????????? | | ??????????????????+????####??????????????????????? | | ???????????????????????????????????????????????+?? | | ?????????????????????????????????????????????????? | | ?????????????????????????????????????????????????? | | ???????????????+????????????????????????+????????? | | ?????????????????????????????????????????????????? | | ?????????????????????????????????????????????????? | | ?????????????????????????????????????????????????? | | ?????????????????????????????????????????????????? | | ?????????????????????????????????????????????????? | | ?????????????????????????????????????????????????? | | ?????????????????????????????????????????????????? | | ???????????????????????????????????????+?????????? | | ?????????????????????????????????????????????????? | | ???????????????????????????????????????+?????????? | | ?????????????????????????????????????????????????? | +----------------------------------------------------+ Best States ------------- Heat Dissipation 31 Energy Generation 14 Energy Capacity 250 Matter Stores 300 Matter Capacity 300 Sight Range 16 Robot Scan Range 14 Terrain Scan Range 14 Terrain Scan Density 10 Evasion (%) 63 Item Schematics ----------------- None Robot Schematics ------------------ None Fabricated ------------ Nothing Alien Tech Used ----------------- None Achievements -------------- None Challenges ------------ None Game ------ Seed DynamicCoreBank Manual? 0 Play Time 00:19:15 Cumulative 27.0 hours Start 2024.04.16 @ 10:06:42 End 2024.04.16 @ 10:26:49 Sessions 1 Manual Loads 0 Difficulty Rogue Special Mode None Game No. 79 Rogue 79 Adventurer 0 Explorer 0 Win Type - Total 0 Types 0/0/0/0/0/0/0/0/0 Lore% 17 Gallery% 33 Achievement% 26 Wizard Run 0 Options --------- Layout 1 ASCII 1 Keyboard 0 Movement Arrows Keybinds 1 Fullscreen 1 Font 18/SmallcapsGlow Map View 50x40 Zoom Use 0% Tactical HUD 0 Map Filters NONE Filters NONE Steam 1 RUN: 2dc66806-985e-492f-8eaa-cd5e6cf83033